 Dungeon Crawl Stone Soup version 0.26.0-45-g9c1d065592 (webtiles) character file.

Game seed: 14282369962571564577

492 kaeus the Sneak (level 7, -2/45 HPs)
             Began as an Octopode Enchanter on Jan 29, 2021.
             Was an Initiate of Wu Jian.
             Killed by nerve-wracking pain
             ... invoked by Grinder
              (14 damage)
             ... on level 4 of the Dungeon.
             The game lasted 00:09:00 (4265 turns).

kaeus the Sneak (Octopode Enchanter)                Turns: 4265, Time: 00:09:01

Health: -2/45      AC:  1    Str:  7    XL:     7   Next: 14%
Magic:  11/11      EV: 14    Int: 18    God:    Wu Jian [......]
Gold:   239        SH:  0    Dex: 14    Spells: 6/12 levels left

rFire    . . .     SeeInvis .   d - +1 dagger (venom)
rCold    . . .     Faith    .   (no shield)
rNeg     . . .     Spirit   .   (helmet restricted)
rPois    .         Reflect  .   (no amulet)
rElec    .         Harm     .   (no ring)
rCorr    .         Rampage  .   (no ring)
Will     .....                  (no ring)
Stlth    ++++......             (no ring)
HPRegen  0.15/turn              (no ring)
MPRegen  0.12/turn              (no ring)
                                (no ring)
                                (no ring)

@: no status effects
A: almost no armour, stealthy swim, amphibious, 8 rings, constrict 8, camouflage
1, gelatinous body 1
a: Renounce Religion


You were on level 4 of the Dungeon.
You worshipped Wu Jian.
Wu Jian was noncommittal.
You visited 2 branches of the dungeon, and saw 5 of its levels.

You collected 239 gold pieces.

Inventory:

Hand Weapons
 d - a +1 dagger of venom (weapon)
Missiles
 m - 9 poisoned darts
Jewellery
 k - an uncursed ring of flight {unknown}
Scrolls
 b - 7 scrolls of identify {unknown}
 c - 2 scrolls of remove curse {unknown}
 e - a scroll of enchant weapon {unknown}
 i - a scroll of immolation {unknown}
 j - 2 scrolls of magic mapping {unknown}
 l - a scroll of enchant armour {unknown}
Potions
 a - 2 potions of might {unknown}
 f - a potion of curing {unknown}
 g - 4 potions of flight {unknown}
 h - a potion of ambrosia {unknown}
 n - a potion of lignification {unknown}


   Skills:
 + Level 2.2 Fighting
 + Level 2.6 Short Blades
 + Level 3.2 Dodging
 * Level 7.0 Stealth
 + Level 3.1 Spellcasting
 + Level 4.1 Hexes


You had 6 spell levels left.
You knew the following spells:

 Your Spells              Type           Power        Failure   Level
a - Corona                Hex            18%          3%          1
b - Ensorcelled Hibernat  Hex/Ice        20%          11%         2
c - Dazzling Flash        Conj/Hex       20%          21%         3

Your spell library contained the following spells:

 Spells                   Type           Power        Failure   Level
 Confusing Touch          Hex            17%          9%          3
 Tukima's Dance           Hex            17%          9%          3


Dungeon Overview and Level Annotations

Branches:
Dungeon (4/15)             Temple (1/1) D:4

Altars:
Cheibriados
Dithmenos
Elyvilon
Gozag
Hepliaklqana
Makhleb
Okawaru
Ru
Trog
Uskayaw
Wu Jian
The Shining One

Annotations:
D:3 2 transporters, thiole's ghost, amateur OpWz
D:4 Grinder


Innate Abilities, Weirdness & Mutations

You cannot wear most types of armour.
You are very stealthy in the water. (Stealth+)
You are amphibious.
You can wear up to eight rings at the same time.
You can use your tentacles to constrict eight enemies at once.
Your skin changes colour to match your surroundings (Stealth+).
Your rubbery body absorbs attacks. (AC +1, EV +1)


Message History

Grinder is moderately wounded.
You constrict Grinder, but do no damage.
Grinder hits you.
You writhe in agony.
You take 7 damage, and have 24/45 hp.
You hit Grinder.
Grinder looks as sick as possible!
Grinder is moderately wounded.
You constrict Grinder. You barely miss Grinder.
Grinder is heavily wounded.
You constrict Grinder. Grinder gestures at you. Pain shoots through your body!
* * * LOW HITPOINT WARNING * * *
You take 12 damage, and have 12/45 hp.
MASSIVE DAMAGE!!
You hit Grinder. You squeeze Grinder.
Grinder is severely wounded.
You constrict Grinder. Grinder gestures at you. Pain shoots through your body!
You die...

#.# ## #.########.
#..........
########.########.
#........# #.
#.#####.## #. #.#
### #. #.# #. #@#
## #5# #r# #.+ #.+
#.+ ###


You could see Grinder (extremely poisoned) and a quokka.

Vanquished Creatures
  Edmund (D:3)
  An ogre (D:4)
  An orc wizard (D:3)
  A centaur skeleton (D:4)
  2 iguanas (D:4)
  A worker ant (D:4)
  3 gnolls
  3 adders
  A white imp (D:4)
  2 adder skeletons (D:4)
  A worm (D:2)
  A dart slug (D:1)
  2 leopard geckos (D:4)
  4 orcs (D:3)
  8 bats
  4 giant cockroaches
  12 goblins
  5 hobgoblins
  2 jackals (D:2)
  A quokka (D:4)
  2 ball pythons
  8 frilled lizards
  6 kobolds
  11 rats
83 creatures vanquished.

Vanquished Creatures (others)
  7 plants (D:3)
7 creatures vanquished.

Grand Total: 90 creatures vanquished

Notes
Turn   | Place    | Note
-------+----------+-------------------------------------------
     0 | D:1      | kaeus the Octopode Enchanter began the quest for the Orb.
     0 | D:1      | Reached XP level 1. HP: 11/11 MP: 3/3
   110 | D:1      | Reached XP level 2. HP: 17/17 MP: 5/5
   398 | D:1      | Reached XP level 3. HP: 19/22 MP: 6/6
   824 | D:2      | Reached skill level 5 in Stealth
  1337 | D:2      | Reached XP level 4. HP: 13/27 MP: 7/7
  1852 | D:2      | Reached skill level 1 in Fighting
  2502 | D:3      | Noticed thiole's ghost (amateur OpWz)
  2524 | D:3      | Identified the +9 spear of Profit {chaos, rPois Int+7
                  | Dex-4}
  2524 | D:3      | Noticed a gnoll sergeant
  2528 | D:3      | Reached XP level 5. HP: 33/33 MP: 8/8
  2844 | D:3      | Found a transporter.
  2854 | D:3      | Found a transporter.
  3031 | D:4      | Noticed Edmund
  3039 | D:3      | Learned a level 2 spell: Ensorcelled Hibernation
  3043 | D:3      | Learned a level 3 spell: Dazzling Flash
  3060 | D:3      | Killed Edmund
  3061 | D:3      | Reached skill level 6 in Stealth
  3061 | D:3      | Reached XP level 6. HP: 22/39 MP: 0/10
  3444 | D:4      | Reached XP level 7. HP: 45/45 MP: 6/11
  3491 | D:4      | Found a sacrificial altar of Ru.
  3548 | D:4      | Found a staircase to the Ecumenical Temple.
  3556 | D:4      | Reached skill level 7 in Stealth
  3707 | Temple   | Entered the Ecumenical Temple
  4182 | Temple   | Became a worshipper of the Wu Jian Council
  4254 | D:4      | Noticed Grinder
  4265 | D:4      | Killed from afar by Grinder

Illustrated notes

Levels and vault maps discovered:
D:1:      dpeg_arrival_boxorama, layout_rooms, minmay_hexomino_p4
D:2:      layout_loops_ring
D:3:      layout_loops_ring, gammafunk_ghost_gnarly_gnolls
D:4:      layout_loops_ring, nicolae_ru_sacrificial_ziggurat,
          kennysheep_vampire_church, minitemple, minmay_temple_entry_water_ring,
          uniq_grinder, uniq_edmund, uniq_natasha
Temple:   minmay_temple_curvy_loop

Skill      XL: |  1  2  3  4  5  6  7 |
---------------+----------------------+-----
Stealth        | 5 6 7 |  7.0
Fighting       | 1 2 |  2.2
Short Blades   | 2 |  2.6
Dodging        | 3 |  3.2
Spellcasting   | 3 |  3.1
Hexes          | 4 |  4.1

Action                   |  1- 3 |  4- 6 |  7- 9 || total
-------------------------+-------+-------+-------++-------
Melee: Dagger            |    74 |    95 |    20 ||   189
       Constrict         |    13 |    17 |     4 ||    34
       Tentacles         |     6 |    24 |     5 ||    35
 Cast: Dazzling Flash    |       |     2 |       ||     2
       Ensorcelled Hiber |       |     3 |       ||     3
Invok: Lunge             |       |       |     2 ||     2
 Stab: Sleeping          |    21 |    11 |     2 ||    34
Armor: Skin              |     7 |     2 |     1 ||    10
Dodge: Dodged            |    41 |    52 |     5 ||    98
